cohdb
Replays
Latest Replays
All Replays
Popular Replays
Top Player Replays
Match Explorer
How It Works
Community
CoH3 Stats
Reddit
Sign in to upload your games and track your stats! →
Sign in with Steam
weasel + AI loiter + 1 greyhound with AT guns = easy mode
Match 26650711
Overview
Messages
Build Orders
End
Panzergrenadier Squad
Kradschützen Motorcycle Team
Panzergrenadier Squad
Construct Light Support Kompanie
Assault Grenadier Squad
Fire Support Elements
Selects Battlefield Espionage Battlegroup
Selects Intel Disruption Beacon
Flakvierling Half-track
Panzerpioneer Squad
2.5-tonne Medical Truck
Selects Plunder
Panzerjäger Mechanized Group
Selects 250/3 Funkpanzerwagen
Flakvierling Half-track
Selects Anti-Tank Incendiary Munitions
Pak 38 Anti-tank Gun Team
le.IG 18 Mechanized Group
Elite_1650
Zuntew
0
0
Comments
sign in to comment!
No comments posted yet!